 Dungeon Crawl Stone Soup version 0.30.1-3-gfc49f6343a (webtiles) character file.

Game seed: 11680365591285350871

1706 Ethylacetat the Firebug (level 9, -3/51 HPs)
             Began as an Octopode Fire Elementalist on July 30, 2023.
             Was a Believer of Vehumet.
             Slain by a steam dragon (9 damage)
             ... on level 5 of the Dungeon.
             The game lasted 00:38:28 (4658 turns).

Ethylacetat the Firebug (OpFE)                      Turns: 4658, Time: 00:38:28

Health: -3/51      AC:  1    Str:  6    XL:     9   Next: 3%
Magic:  14/17      EV: 13    Int: 21    God:    Vehumet [**....]
Gold:   422        SH:  0    Dex: 12    Spells: 7/19 levels left

rFire   . . .        x - +2 short sword (venom)
rCold   . . .        (no shield)
rNeg    . . .        (helmet restricted)
rPois   .            o - amulet of magic regeneration
rElec   .            g - ring of flight
rCorr   .            j - ring of wizardry
SInv    .            (no ring)
Will    .....        (no ring)
Stlth   +++          (no ring)
HPRegen 0.28/turn    (no ring)
MPRegen 0.55/turn    (no ring)
                     (no ring)

%: wizardry (x1)
@: flying
A: almost no armour, amphibious, 8 rings, camouflage 1, gelatinous body 1,
(nimble swimmer 1), tentacles, weak 1
a: Renounce Religion


You were on level 5 of the Dungeon.
You worshipped Vehumet.
Vehumet was pleased with you.
You visited 1 branch of the dungeon, and saw 6 of its levels.
You also visited: Sewer and Ossuary.

You collected 422 gold pieces.

Inventory:

Hand Weapons
 x - a +2 short sword of venom (weapon)
Jewellery
 g - a ring of flight (left tentacle)
 j - a ring of wizardry (right tentacle)
 o - an amulet of magic regeneration (around mantle)
Wands
 k - a wand of mindburst (23)
 E - a wand of acid (13)
Scrolls
 b - a scroll of immolation {unknown}
 c - a scroll of blinking {unknown}
 f - 4 scrolls of teleportation {unknown}
 i - 3 scrolls of magic mapping {unknown}
 l - 3 scrolls of noise {unknown}
 m - 11 scrolls of identify {unknown}
 n - a scroll of enchant weapon {unknown}
 p - a scroll of enchant armour {unknown}
 s - a scroll of fog {unknown}
 y - 2 scrolls of amnesia {unknown}
 z - 2 scrolls of poison {unknown}
Potions
 a - 2 potions of magic
 d - a potion of heal wounds {unknown}
 e - a potion of curing
 h - 4 potions of haste
 q - a potion of mutation
 r - 2 potions of lignification {unknown}
 t - a potion of might {unknown}
 u - a potion of invisibility {unknown}
 v - 4 potions of brilliance {unknown}
 w - 2 potions of attraction {unknown}
 A - a potion of flight {unknown}
 B - a potion of resistance
 C - a potion of cancellation {unknown}
Miscellaneous
 D - a phial of floods


   Skills:
 - Level 2.1 Dodging
 - Level 3.0 Stealth
 + Level 5.6 Spellcasting
 + Level 5.9 Conjurations
 + Level 4.2 Translocations
 + Level 6.5 Fire Magic


You had 7 spell levels left.
You knew the following spells:

 Your Spells              Type           Power      Damage    Failure   Level
a - Foxfire               Conj/Fire      100%       2x1d9     1%          1
b - Scorch                Fire           66%        2d7       1%          2
c - Lesser Beckoning      Tloc           46%        N/A       1%          2
d - Flame Wave            Conj/Fire      32%        2d9       3%          4
e - Gell's Gravitas       Tloc           23%        N/A       2%          3

Your spell library contained the following spells:

 Spells                   Type           Power      Damage    Failure   Level
 Sandblast                Erth           10%        2d5       4%          1
 Volatile Blastmotes      Fire/Tloc      56%        2d14      1%          3
 Teleport Other           Tloc           23%        N/A       2%          3
 Inner Flame              Hex/Fire       19%        N/A       3%          3


Dungeon Overview and Level Annotations

Branches:
Dungeon (6/15)              Sewer (visited)         Ossuary (visited)
 Temple: D:4-7

Altars:
Cheibriados
Elyvilon
Gozag
Vehumet
Wu Jian
The Shining One

Shops:
D:1 (


Innate Abilities, Weirdness & Mutations

You cannot wear most types of armour.
You are amphibious.
You can wear up to eight rings at the same time.
Your skin changes colour to match your surroundings (Stealth+).
Your rubbery body absorbs attacks. (AC +1, EV +1)
((You are camouflaged when in or above water. (Stealth+)))
You have tentacles for arms and can constrict up to eight enemies at once.
You are weak. (Str -2)


Message History

The sleepcap is severely damaged.
The flame wave engulfs the adder!
The adder is severely wounded.
The flame wave engulfs the steam dragon but does no damage.
You finish channelling waves of flame.
You hear a shout!
The adder barely misses you. The sleepcap releases spores at you.
You are engulfed in a cloud of soporific spores!
You fall asleep.
The adder bites you.
You wake up.
The sleepcap releases spores at you.
You are engulfed in a cloud of soporific spores!
You are unaffected.
Casting: Flame Wave (dangerous; 3% risk of failure)
Confirm with . or Enter, or press ? or * to list all spells.
Casting: Flame Wave (dangerous; 3% risk of failure)
Press: ? - help, Dir - look around, f - activate A wave of flame ripples out!
The flame wave engulfs the adder!
You kill the adder!
Vehumet accepts your kill.
You feel your power returning.
The flame wave engulfs the steam dragon.
The steam dragon is lightly wounded.
The flame wave engulfs the sleepcap!
You destroy the sleepcap!
Vehumet accepts your kill.
You feel your power returning. (Press . to intensify the flame waves.)
The steam dragon breathes steam at you. The ball of steam hits you!!
You are engulfed in a cloud of scalding steam.
* * * LOW HITPOINT WARNING * * *
The steam dragon bites you.
* * * LOW HITPOINT WARNING * * *
The steam dragon completely misses you.
You fly upwards.
There is a stone staircase leading down here.
It was a potion of mutation.
You feel extremely strange.
You feel weaker. The steam dragon bites you!
You die...

..#
#.............#..ยง.....#
..#
#..........##..........#
..#
#..........####........#
..#
##.....................#
..#
#..........####........#
..# #..........#
########## ###
#.####.....# #
#.#(.#.....# #
#.#)(#..@..# #
####'#..D.## # #......##
########


You could see a steam dragon.

Vanquished Creatures
  A steam dragon (D:5)
  A fire bat (D:5)
  2 water moccasins (D:5)
  A black bear (D:5)
  An ice beast (D:5)
  3 elf zombies (Ossuary)
  2 bullfrogs (Sewer)
  A howler monkey (D:4)
  A centaur zombie (Ossuary)
  2 hounds (D:5)
  A human zombie (Ossuary)
  2 iguanas (D:5)
  A sleepcap (D:6)
  3 orc wizards
  A statue (D:4)
  2 mummies (Ossuary)
  12 adders
  6 river rats
  A white imp (D:4)
  An adder zombie (Ossuary)
  3 worms
  2 dart slugs
  17 orcs
  11 ball pythons
  4 endoplasms
  4 giant cockroaches
  5 goblins
  4 hobgoblins
  2 jackals (D:4)
  5 quokkas
  2 bats
  4 frilled lizards
  3 goblin zombies
  7 hobgoblin zombies (Ossuary)
  A jackal zombie (Ossuary)
  3 kobolds
  13 kobold zombies (Ossuary)
  8 orc zombies (Ossuary)
  35 rats
  A rat zombie (D:5)
179 creatures vanquished.

Vanquished Creatures (others)
  An orc wizard (D:5)
  418 foxfires
419 creatures vanquished.

Grand Total: 598 creatures vanquished

Notes
Turn   | Place    | Note
-------+----------+-------------------------------------------
     0 | D:1      | Ethylacetat the Octopode Fire Elementalist began the quest
                  | for the Orb.
     0 | D:1      | Reached XP level 1. HP: 11/11 MP: 3/3
   147 | D:1      | Reached XP level 2. HP: 13/17 MP: 5/5
   368 | D:1      | Found Bierr's Antique Weapon Shop.
   473 | D:1      | Learned a level 2 spell: Scorch
  1037 | D:2      | Reached XP level 3. HP: 21/21 MP: 3/6
  1908 | D:3      | Reached XP level 4. HP: 22/27 MP: 3/8
  2087 | D:4      | Found a glowing drain.
  2099 | Sewer    | Entered a sewer
  2120 | Sewer    | Reached XP level 5. HP: 31/31 MP: 4/9
  2122 | Sewer    | Reached skill level 4 in Fire Magic
  2278 | Sewer    | Reached XP level 6. HP: 36/36 MP: 7/11
  2308 | D:4      | Learned a level 2 spell: Lesser Beckoning
  2313 | D:4      | Learned a level 4 spell: Flame Wave
  2317 | D:4      | Learned a level 3 spell: Gell's Gravitas
  2756 | D:4      | Found a snail-covered altar of Cheibriados.
  3174 | D:4      | Reached XP level 7. HP: 29/41 MP: 11/13
  3191 | D:4      | Found a radiant altar of Vehumet.
  3220 | D:4      | Became a worshipper of Vehumet
  3566 | D:4      | Reached skill level 1 in Translocations
  3609 | D:5      | Entered Level 5 of the Dungeon
  3612 | D:5      | Reached skill level 5 in Fire Magic
  3624 | D:5      | Found an ornate altar of the Wu Jian Council.
  3722 | D:5      | Found a sand-covered staircase.
  3731 | Ossuary  | Entered an ossuary
  3790 | Ossuary  | Reached * piety under Vehumet
  3790 | Ossuary  | Offered knowledge of Shock by Vehumet.
  3930 | Ossuary  | Reached XP level 8. HP: 22/46 MP: 1/15
  4080 | D:5      | Reached skill level 5 in Spellcasting
  4080 | D:5      | Reached skill level 5 in Conjurations
  4095 | D:5      | Found a transporter.
  4110 | D:5      | Found a transporter.
  4126 | D:5      | Offered knowledge of Sandblast by Vehumet.
  4127 | D:5      | Reached skill level 6 in Fire Magic
  4147 | D:5      | Found an opulent altar of Gozag.
  4218 | D:5      | Reached ** piety under Vehumet
  4269 | D:5      | Found a glowing golden altar of the Shining One.
  4456 | D:5      | Found a white marble altar of Elyvilon.
  4653 | D:6      | Reached XP level 9. HP: 48/51 MP: 14/17
  4658 | D:5      | Gained mutation: You are weak. (Str -2) [potion of
                  | mutation]
  4658 | D:5      | Slain by a steam dragon

Illustrated notes

Levels and vault maps discovered:
D:1:      lemuel_arrival_funnel, layout_basic, serial_shops,
          nicolae_lakefront_shop
D:2:      layout_rooms
D:3:      layout_rooms, minmay_quadrilaterals
D:4:      layout_layer_cave, vehumet_statue, cheibrodos_worm_habitat,
          gup_sewer_entry_bubbles, serial_rivers,
          chequers_serial_rivers_large_b, chequers_serial_rivers_small_3,
          chequers_serial_rivers_large_a, chequers_serial_rivers_room_b,
          chequers_serial_rivers_marsh
D:5:      gammafunk_cloud_chamber, layout_rooms,
          nicolae_overflow_quartered_altars, enter_ossuary_4,
          supply_closet_lemuel
D:6:      layout_rooms, minmay_temple_entry_from_below_a, minivault_27

Skill      XL: |  1  2  3  4  5  6  7  8 |
---------------+-------------------------+-----
Stealth        | 3 |  3.0
Conjurations   | 2 3 4 5 |  5.9
Spellcasting   | 3 4 5 |  5.6
Fire Magic     | 4 5 6 |  6.5
Translocations | 2 4 |  4.2
Dodging        | |  2.1

Action                     |  1- 3 |  4- 6 |  7- 9 || total
---------------------------+-------+-------+-------++-------
  Melee: Unarmed           |    65 |    14 |       ||    79
         Constrict         |    19 |     4 |     4 ||    27
         Tentacles         |    16 |     6 |     9 ||    31
         Punch             |     1 |     1 |       ||     2
         Short sword       |       |       |    24 ||    24
   Cast: Foxfire           |    38 |    86 |   125 ||   249
         Scorch            |     1 |    17 |    33 ||    51
         Flame Wave        |       |       |     7 ||     7
         Gell's Gravitas   |       |       |     1 ||     1
    Use: Potion            |       |       |     3 ||     3
   Stab: Sleeping          |    10 |     1 |       ||    11
 Armour: Skin              |     3 |     3 |     5 ||    11
  Dodge: Dodged            |    35 |    19 |    33 ||    87
